AoeStats
← xygogo

African Clearing

510701792Analyzed
4v4 RM · 15h ago on Oct 2, 2026· 67m 6s· 8 players
Game mode
Random Map
Map size
Large (8 player)
Population
200
Speed
Normal
Resources
Standard
Victory
Conquest
Starting age
Dark Age
Ending age
Imperial Age
RankedLock teamsTeams togetherTeam positionsShared explorationLock speedFull tech treeHidden civsTurbo modeCheats
Victory
Defeat
🇮🇳 Franks · India
1158
+14
🇪🇸 Teutons · Spain
1046
+18
🇬🇧 Goths · United Kingdom
1032
+19
🇪🇸 Mongols · Spain
1021
+20
🇨🇳 Dravidians · China
1138
-19
🇨🇳 Mongols · China
1124
-19
🇹🇼 Magyars · Taiwan
1081
-17
🇨🇳 Britons · China
1052
-16
渣渣灰
16:09 Loom
18:27 Feudal Age
20:56 Forging
20:48 Man-at-Arms
21:31 Scale Mail Armor
23:30 Arson
28:41 Castle Age
26:59 Double-Bit Axe
26:58 Horse Collar
28:27 Scale Barding Armor
28:41 Fletching
29:52 Wheelbarrow
32:02 Long Swordsman
32:58 Gambesons
41:23 Iron Casting
41:04 Chain Mail Armor
42:58 Husbandry
43:38 Hand Cart
46:48 Imperial Age
45:13 Yeomen
46:42 Chain Barding Armor
46:20 Bodkin Arrow
47:27 Cavalier
48:45 Plate Barding Armor
48:48 Gold Mining
48:49 Stone Mining
50:25 Hoardings
49:53 Warwolf
50:15 Conscription
49:26 Sappers
50:35 Gold Shaft Mining
53:19 Coinage
54:51 Blast Furnace
65:01 Guilds
64:54 Caravan
66:12 Heavy Plow
67:28 Banking
MessiahOVO
13:45 Feudal Age
13:11 Loom
14:21 Double-Bit Axe
20:57 Castle Age
19:03 Horse Collar
20:55 Bloodlines
21:53 Wheelbarrow
21:51 Scale Barding Armor
21:51 Husbandry
27:12 Chain Barding Armor
35:18 Imperial Age
35:47 Hand Cart
36:36 Conscription
36:54 Plate Barding Armor
36:44 Cavalier
39:59 Corvinian Army
40:12 Paladin
50:32 Town Watch
50:36 Light Cavalry
51:52 Herbal Medicine
51:25 Hussar
52:20 Bow Saw
xygogo
4:29 Loom
13:48 Feudal Age
20:17 Horse Collar
21:12 Double-Bit Axe
25:00 Castle Age
25:59 Fishing Lines
27:54 Scale Mail Armor
28:37 Pikeman
29:46 Chain Mail Armor
31:17 Squires
32:34 Fletching
32:53 Gold Mining
35:01 Gillnets
35:52 Wheelbarrow
35:28 Stone Mining
37:22 Padded Archer Armor
37:18 Bodkin Arrow
36:45 Elite Skirmisher
38:52 Thumb Ring
39:06 Town Watch
43:19 Imperial Age
43:21 Leather Archer Armor
43:10 Husbandry
43:47 Elite Elephant Archer
45:46 Ring Archer Armor
45:17 Bracer
45:41 Ballistics
47:42 Chemistry
47:25 Halberdier
51:53 Man-at-Arms
52:19 Gambesons
53:14 Conscription
53:30 Long Swordsman
53:57 Gambesons
55:14 Two-Handed Swordsman
56:29 Plate Mail Armor
56:09 Forging
58:34 Champion
61:15 Bombard Tower
61:37 Wootz Steel
62:24 Guilds
62:45 Coinage
64:43 Iron Casting
飘叶
14:23 Feudal Age
15:21 Loom
18:35 Castle Age
16:21 Double-Bit Axe
16:28 Stone Mining
18:45 Gold Mining
20:06 Wheelbarrow
19:42 Bow Saw
20:29 Gold Shaft Mining
24:39 Fletching
26:07 Husbandry
27:13 Ballistics
28:42 Gold Shaft Mining
29:32 Horse Collar
30:50 Bodkin Arrow
33:53 Padded Archer Armor
34:40 Bloodlines
38:29 Imperial Age
37:21 Heavy Plow
38:31 Stone Shaft Mining
39:54 Bracer
40:09 Leather Archer Armor
41:07 Conscription
42:58 Drill
41:59 Elite Mangudai
44:37 Chemistry
43:48 Thumb Ring
44:17 Heavy Scorpion
50:11 Hoardings
50:29 Hand Cart
51:34 Parthian Tactics
51:17 Capped Ram
56:12 Scale Barding Armor
55:30 Elite Steppe Lancer
64:29 Siege Ram
64:41 Siege Ram
samarth310393
10:29 Loom
13:54 Feudal Age
19:31 Castle Age
17:56 Double-Bit Axe
18:45 Gold Mining
20:42 Town Watch
24:09 Husbandry
30:30 Wheelbarrow
32:18 Bow Saw
37:53 Fletching
58:19 Imperial Age
56:11 Scale Barding Armor
56:58 Hand Cart
56:16 Light Cavalry
57:09 Forging
58:00 Chain Barding Armor
59:09 Iron Casting
58:39 Cavalier
60:38 Scale Mail Armor
61:38 Plate Barding Armor
68:24 Blast Furnace
67:40 Chain Mail Armor
churre13
8:25 Loom
14:39 Feudal Age
27:54 Castle Age
26:46 Double-Bit Axe
26:43 Horse Collar
29:57 Wheelbarrow
35:34 Town Watch
36:07 Hand Cart
41:54 Gold Mining
42:37 Bow Saw
47:05 Bloodlines
49:38 Scale Barding Armor
49:44 Forging
50:51 Chain Barding Armor
50:55 Heavy Plow
52:24 Iron Casting
52:35 Caravan
57:27 Imperial Age
57:45 Cavalier
59:10 Plate Barding Armor
59:36 Blast Furnace
59:05 Conscription
61:30 Crop Rotation
63:47 Two-Man Saw
63:33 Fervor
64:28 Paladin
Ubric21
7:45 Loom
14:19 Feudal Age
20:09 Castle Age
18:05 Double-Bit Axe
18:04 Horse Collar
22:23 Bow Saw
23:50 Heavy Plow
26:03 Wheelbarrow
25:47 Gold Mining
29:28 Fletching
29:39 Padded Archer Armor
30:19 Bodkin Arrow
30:50 Hand Cart
30:49 Husbandry
31:35 Leather Archer Armor
31:15 Town Watch
33:08 Gold Shaft Mining
32:24 Stone Mining
33:06 Bloodlines
37:28 Imperial Age
35:52 Thumb Ring
36:13 Ballistics
38:20 Masonry
38:22 Fortified Wall
38:53 Conscription
39:11 Parthian Tactics
38:10 Light Cavalry
39:08 Bracer
39:09 Scale Mail Armor
39:17 Scale Barding Armor
39:22 Forging
39:52 Stone Shaft Mining
38:59 Elite Mangudai
39:53 Hussar
43:58 Chemistry
43:24 Chain Barding Armor
50:34 Iron Casting
52:47 Blast Furnace
59:44 Siege Engineers
59:35 Murder Holes
61:01 Caravan
NoobPwner
3:10 Loom
15:25 Feudal Age
18:44 Horse Collar
19:54 Double-Bit Axe
23:10 Castle Age
21:27 Forging
22:18 Bloodlines
26:15 Wheelbarrow
25:53 Bow Saw
25:45 Heavy Plow
27:17 Elite Skirmisher
27:20 Pikeman
28:20 Stone Mining
30:23 Hand Cart
31:41 Scale Mail Armor
34:58 Gold Mining
38:06 Imperial Age
37:04 Anarchy
37:43 Iron Casting
37:28 Squires
37:50 Chain Mail Armor
38:10 Town Watch
39:11 Conscription
39:56 Blast Furnace
39:16 Elite Huskarl
42:06 Halberdier
46:58 Fletching
63:07 Two-Man Saw
62:40 Crop Rotation
62:10 Bodkin Arrow
63:30 Coinage
66:23 Perfusion
Connection lost

Rejoining the realm…

Still unreachable

The connection could not be restored.

Session expired

The server has moved on; the page needs a fresh start.